 Dungeon Crawl Stone Soup version 0.31-a0-981-geadf994542 (webtiles) character file.

Game seed: 2007028381880834295

98 Whiskey the Ruffian (level 4, -5/29 HPs)
             Began as an Octopode Shapeshifter on Nov 2, 2023.
             Slain by an orc warrior
             ... wielding a +0 flail
              (11 damage)
             ... on level 3 of the Dungeon.
             The game lasted 00:07:03 (2196 turns).

Whiskey the Ruffian (Octopode Shapeshifter)         Turns: 2196, Time: 00:07:04

Health: -5/29      AC:  1    Str: 13    XL:     4   Next: 71%
Magic:  4/4        EV: 13    Int: 14    God:
Gold:   133        SH:  5    Dex: 11    Spells: 3/3 levels left

rFire   . .          .
                       - Unarmed
rCold   . . .        (no shield)
rNeg    + . .        (helmet currently unavailable)
rPois   .            d - amulet of reflection
rElec   .            j - ring of positive energy {rN+}
rCorr   .            (no ring)
SInv    .            (no ring)
Will    .....        (no ring)
Stlth   ++           (no ring)
HPRegen 0.24/turn    (no ring)
MPRegen 0.09/turn    (no ring)
                     (no ring)

%: reflection
@: beast-form
A: beast (slay +1), almost no armour, amphibious, 8 rings, camouflage 1,
gelatinous body 1, (nimble swimmer 1), tentacles
a: Begin Untransformation


You were on level 3 of the Dungeon.
You were a hulking beast.
You visited 1 branch of the dungeon, and saw 4 of its levels.

You collected 133 gold pieces.

Inventory:

Hand Weapons
 f - a +1 vampiric short sword {!w}
   (You took it off a kobold on level 1 of the Dungeon)
 p - a +0 dagger of protection
   (You took it off a goblin on level 2 of the Dungeon)
Missiles
 m - 6 darts of dispersal {=f}
Magical Staves
 q - a staff of cold {rC+}
   (You found it on level 2 of the Dungeon)
Jewellery
 d - an amulet of reflection (around mantle)
   (You found it on level 1 of the Dungeon)
 j - a ring of positive energy (left tentacle) {rN+}
   (You found it on level 1 of the Dungeon)
 n - an amulet of magic regeneration
   (You found it on level 2 of the Dungeon)
Talismans
 b - a beast talisman (active)
 c - a flux talisman
 l - a beast talisman (active)
   (You found it on level 2 of the Dungeon)
Scrolls
 e - 2 scrolls of enchant armour
 i - a scroll of identify {unknown}
 o - a scroll of amnesia {unknown}
 t - a scroll of teleportation {unknown}
Potions
 a - 3 potions of lignification {!q}
 h - 2 potions of curing {unknown}
 k - 2 potions of mutation {unknown}
 s - a potion of degeneration {unknown}


   Skills:
 + Level 2.0 Fighting
 + Level 2.6 Dodging
 * Level 4.0 Unarmed Combat
 + Level 3.4 Shapeshifting


You had 3 spell levels left.
You didn't know any spells.
Your spell library contained the following spells:

 Spells                   Type           Power      Damage    Failure   Level
 Blink                    Tloc           0%         N/A       41%         2
 Lesser Beckoning         Tloc           0%         N/A       41%         2
 Momentum Strike          Conj/Tloc      0%         3d8       41%         2
 Animate Dead             Necr           0%         N/A       96%         4
 Haunt                    Necr/Summ      0%         N/A       100%        7
 Infestation              Necr           0%         N/A       100%        8


Dungeon Overview and Level Annotations

Branches:
Dungeon (4/15)
 Temple: D:4-7

Altars:

Shops:
D:1 [

Annotations:
D:3 3 runed translucent doors, lunkers's ghost, amateur DgSh


Innate Abilities, Weirdness & Mutations

You are a hulking beast.
Your limbs bulge with bestial killing power. (Slay +1)
You cannot wear most types of armour.
You are amphibious.
You can wear up to eight rings at the same time.
Your skin changes colour to match your surroundings (Stealth+).
Your rubbery body absorbs attacks. (AC +1, EV +1)
((You are camouflaged when in or above water. (Stealth+)))
You have tentacles for arms and can constrict up to eight enemies at once.


Message History

There is a stone staircase leading down here.
You enter the shallow water.
You enter the shallow water.
There is a stone staircase leading down here.
You climb downwards.
The kobold shouts!
The endoplasm quivers.
There is a stone staircase leading up here.
The kobold closely misses you.
You climb upwards.
Level annotation: 3 runed translucent doors, lunkers's ghost, amateur DgSh
There is a stone staircase leading down here.
You tentacle-slap the kobold.
You kill the kobold!
Things that are here:
a +0 dagger; 4 stones; a kobold corpse You see here a +0 dagger.
There is a stone staircase leading down here.
You climb downwards.
Found 2 potions of lignification.
Found a stone staircase leading down.
There is a stone staircase leading up here.
a - 3 potions of lignification {!q} (gained 2)
An orc comes into view. It is wielding a +0 whip.
An orc comes into view. It is wielding a +0 falchion.
An orc comes into view. It is wielding a +0 hand axe.
The orc shouts!
The orc warrior shouts!
You hear an angry hiss.
You hear a shout!
The orc shouts! x2
There is a stone staircase leading up here.
You barely miss the orc. You grab the orc.
You constrict the orc, but do no damage.
The orc completely misses you.
You release your grip on the orc.
The orc closely misses you.
You climb upwards.
Level annotation: 3 runed translucent doors, lunkers's ghost, amateur DgSh
There is a stone staircase leading down here.
You tentacle-slap the orc. You grab the orc.
You constrict the orc, but do no damage.
The orc closely misses you.
You tentacle-slap the orc but do no damage.
You tentacle-slap the orc, but do no damage.
You constrict the orc. The orc hits you with a +0 whip.
You take 5 damage, and have 24/29 hp.
You barely miss the orc. You squeeze the orc. You constrict the orc.
The orc hits you with a +0 whip.
You take 6 damage, and have 18/29 hp.
MASSIVE DAMAGE!!
You tentacle-slap the orc.
You kill the orc!
You start resting.
Health restored: 29 You climb downwards.
The orc shouts!
You block the orc warrior's attack. The orc hits you with a +0 hand axe.
The orc barely misses you. The orc completely misses you.
There is a stone staircase leading up here.
You take 1 damage, and have 28/29 hp.
You block the orc warrior's attack. The orc hits you with a +0 hand axe.
The orc closely misses you. x2
You climb upwards.
Level annotation: 3 runed translucent doors, lunkers's ghost, amateur DgSh
There is a stone staircase leading down here.
You take 2 damage, and have 26/29 hp.
As you read the scroll labelled HAASYC GAULU, it crumbles to dust.
It is a scroll of enchant armour.
You aren't carrying any armour which can be enchanted further.
You bludgeon the orc!
You kill the orc!
You bludgeon the orc!
You kill the orc!
You block the orc warrior's attack.
You tentacle-slap the orc but do no damage.
Your grab misses the orc.
The orc warrior hits you with a +0 flail.
The orc barely misses you.
You take 5 damage, and have 21/29 hp.
You tentacle-slap the orc. Your grab misses the orc. You squeeze the orc.
You kill the orc!
The orc warrior closely misses you.
The orc warrior hits you with a +0 flail!
Items here: ))) [[ †††.
You take 12 damage, and have 9/29 hp.
MASSIVE DAMAGE!!
The orc warrior attacks as it pursues you!
You block the orc warrior's attack.
The orc warrior attacks as it pursues you!
The orc warrior closely misses you.
The orc warrior attacks as it pursues you!
The orc warrior barely misses you.
The orc warrior attacks as it pursues you!
The orc warrior misses you.
The orc warrior attacks as it pursues you!
The orc warrior hits you with a +0 flail!
* * * LOW HITPOINT WARNING * * *
You take 7 damage, and have 5/29 hp.
MASSIVE DAMAGE!!
As you read the scroll labelled WIWOFF ATIOKK, it crumbles to dust.
You feel momentarily disoriented.
It was a scroll of revelation.
The orc warrior barely misses you.
As you read the scroll labelled OXKIEDWA YRUY, it crumbles to dust.
Wisps of shadow whirl around you...
It was a scroll of summoning.
The orc warrior hits you with a +0 flail!
You die...

...##.# #.##########.# ##.##.##
#.##########.###
##.#.#.###.########.....#
##..###.............#.#.#########
##.#.#.###)#####.........).......
##.##.## #.......##.#.#.#####.###
##.##..# ##.#######...........#
...^...####.#######.#.#######.#
..~~####≈##...lShog.#.## #.#
.~.~#≈#≈≈##.#######.#.## #.#
~.~≈≈≈≈≈###........#..## #.#
~~≈≈≈≈≈####.#######.#### #.#
P≈≈≈≈### ##.#######.##### #.#
~≈~≈### ##[)...........#####.#
≈≈~~..## ##>#######........##.###
~P(....# ##############.##.##.)..
≈......#### #..............


You could see an orc warrior (ally target), a friendly goblin (summoned), a
friendly ball python (summoned) and a friendly frilled lizard (summoned).

Vanquished Creatures
  3 adders
  4 orcs (D:3)
  6 ball pythons
  5 endoplasms
  A giant cockroach (D:1)
  9 goblins
  6 hobgoblins
  6 jackals (D:1)
  3 quokkas
  4 bats
  4 frilled lizards (D:1)
  3 kobolds
  6 rats
60 creatures vanquished.

Notes
Turn   | Place    | Note
-------+----------+-------------------------------------------
     0 | D:1      | Whiskey the Octopode Shapeshifter began the quest for the
                  | Orb.
     0 | D:1      | Reached XP level 1. HP: 13/13 MP: 1/1
    84 | D:1      | Found Caczai's Antique Armour Shoppe.
   112 | D:1      | Reached XP level 2. HP: 18/18 MP: 2/2
   303 | D:1      | Reached XP level 3. HP: 23/23 MP: 3/3
   977 | D:2      | Reached XP level 4. HP: 23/29 MP: 4/4
  1509 | D:3      | Reached skill level 2 in Fighting
  1509 | D:3      | Reached skill level 4 in Unarmed Combat
  1771 | D:3      | Found a runed translucent gate.
  1771 | D:3      | Found a runed translucent gate.
  1773 | D:3      | Found a runed translucent gate.
  1776 | D:3      | Noticed lunkers's ghost (amateur DgSh)
  2009 | D:4      | Noticed an orc warrior
  2058 | D:4      | Noticed an ogre
  2194 | D:3      | HP: 5/29 [orc warrior/+0 flail (7)]
  2196 | D:3      | Slain by an orc warrior

Illustrated notes

Levels and vault maps discovered:
D:1:      scummos_arrival_simple_fountains, layout_basic, serial_shops, shop
D:2:      layout_basic
D:3:      layout_loops_ring, ebering_ghost_rock_garden, chequers_big_river
D:4:      layout_rooms, serial_shops, shop, grunt_ministairs_2, feat_on_display,
          uniq_crazy_yiuf_cottage

Skill      XL: |  1  2  3  4 |
---------------+-------------+-----
Fighting       | 2 |  2.0
Unarmed Combat | 4 |  4.0
Dodging        | |  2.6
Shapeshifting  | |  3.4

Action                     |  1- 3 |  4- 6 || total
---------------------------+-------+-------++-------
  Melee: Unarmed           |    78 |    28 ||   106
         Constrict         |    17 |     6 ||    23
         Tentacles         |    11 |     8 ||    19
         Punch             |     3 |     2 ||     5
    Use: Scroll            |       |     3 ||     3
   Stab: Sleeping          |     7 |     4 ||    11
 Armour: Skin              |    23 |    11 ||    34
  Dodge: Dodged            |    44 |    21 ||    65
  Block: Other             |    15 |     9 ||    24
   Form: Beast             |     1 |       ||     1

Table legend: (Time is in decaauts)
 A = Elapsed time spent in this place.
 B = Non-inter-level travel time spent in this place.
 C = Inter-level travel time spent in this place.
 D = Time resting spent in this place.
 E = Time spent auto-exploring this place.
 F = Levels seen in this place.
 G = Mean time per level.
                   A        B        C        D        E       F      G
               +--------+--------+--------+--------+--------+-----+--------+
         Total |   2190 |   2018 |    172 |     41 |   1588 |   4 |  547.5 |
       Dungeon |   2190 |   2018 |    172 |     41 |   1588 |   4 |  547.5 |
               +--------+--------+--------+--------+--------+-----+--------+

Top non-repeatable levels by time:
     D:3: 915 daAuts
     D:1: 687 daAuts
     D:2: 542 daAuts
     D:4: 44 daAuts

Levels and vault maps discovered:
D:1:      scummos_arrival_simple_fountains, layout_basic, serial_shops, shop
D:2:      layout_basic
D:3:      layout_loops_ring, ebering_ghost_rock_garden, chequers_big_river
D:4:      layout_rooms, serial_shops, shop, grunt_ministairs_2, feat_on_display,
          uniq_crazy_yiuf_cottage

Table legend: (Time is in decaauts)
 A = Elapsed time spent in this place.
 B = Non-inter-level travel time spent in this place.
 C = Inter-level travel time spent in this place.
 D = Time resting spent in this place.
 E = Time spent auto-exploring this place.
 F = Levels seen in this place.
 G = Mean time per level.
                   A        B        C        D        E       F      G
               +--------+--------+--------+--------+--------+-----+--------+
         Total |   2190 |   2018 |    172 |     41 |   1588 |   4 |  547.5 |
       Dungeon |   2190 |   2018 |    172 |     41 |   1588 |   4 |  547.5 |
               +--------+--------+--------+--------+--------+-----+--------+

Top non-repeatable levels by time:
     D:3: 915 daAuts
     D:1: 687 daAuts
     D:2: 542 daAuts
     D:4: 44 daAuts

Table legend:
 A = Kills in this place as a percentage of kills in the entire game.
 B = Kills by you in this place as a percentage of kills by you in the entire game.
 C = Kills by friends in this place as a percentage of kills by friends in the entire game.
 D = Other kills in this place as a percentage of other kills in the entire game.
 E = Experience gained in this place as a percentage of experience gained in the entire game.
 F = Experience gained in this place divided by the number of levels of this place that you have seen.
                   A       B       C       D       E      F
               +-------+-------+-------+-------+-------+----------------------
         Total | 100.0 | 100.0 |   N/A |   N/A | 100.0 |  35.2
       Dungeon | 100.0 | 100.0 |   N/A |   N/A | 100.0 |  35.2
               +-------+-------+-------+-------+-------+----------------------
